 Dungeon Crawl Stone Soup version 0.22.1-5-g62c59d9 (webtiles) character file.

23291 Xantos the Summoner (level 12, -2/75 HPs)
             Began as a Vampire Summoner on Jan 9, 2019.
             Was the Champion of Nemelex Xobeh.
             Slain by an orc warrior
             ... wielding a +0 trident
              (17 damage)
             ... on level 2 of the Orcish Mines on Jan 10, 2019.
             The game lasted 03:36:30 (16647 turns).

Xantos the Summoner (Vampire Summoner)             Turns: 16647, Time: 03:36:32

Health: -2/75      AC:  4    Str:  7    XL:     12   Next: 70%
Magic:  22/27      EV: 16    Int: 19    God:    Nemelex Xobeh [******]
Gold:   1508       SH:  0    Dex: 16    Spells: 1/33 levels left

rFire    + . .     SeeInvis +   X - +1 war axe of Certain Death {chop, rElec}
rCold    . . .     Gourm    .   (no shield)
rNeg     + . .     Faith    .   T - +2 robe {MR+}
rPois    .         Spirit   .   (no helmet)
rElec    +         Reflect  .   i - scarf {cloud immunity}
rCorr    .         Harm     .   (no gloves)
MR       ++...                  (no boots)
Stlth    +++.......             k - amulet of magic regeneration
HPRegen  0.22/turn              s - ring of protection from fire
MPRegen  0.45/turn              b - ring of wizardry

@: no status effects
A: fangs 3, see invisible, dopey 1, unbreathing
a: Bat Form, Triple Draw, Deal Four, Stack Five, Renounce Religion


You were on level 2 of the Orcish Mines.
You worshipped Nemelex Xobeh.
Nemelex Xobeh was exalted by your worship.
You were not thirsty.

You visited 3 branches of the dungeon, and saw 19 of its levels.
You also visited: Ossuary.

You collected 1547 gold pieces.
You spent 39 gold pieces at shops.

Inventory:

Hand Weapons
 X - the +1 war axe of Certain Death (weapon) {chop, rElec}
   (You found it on level 11 of the Dungeon)

   It inflicts extra damage upon your enemies.
   It insulates you from electricity.
Armour
 i - a scarf of cloud immunity (worn)
 T - a +2 robe of magic resistance (worn)
Jewellery
 b - a ring of wizardry (right hand)
 j - an uncursed ring of protection from cold
 k - an amulet of magic regeneration (around neck)
 o - an uncursed ring of teleportation
 s - a ring of protection from fire (left hand)
Wands
 d - a wand of flame (57)
 e - a wand of iceblast (6)
 M - a wand of disintegration (15)
 Y - a wand of enslavement (11)
Scrolls
 g - 3 scrolls of enchant weapon
 h - 2 scrolls of enchant armour
 m - a scroll of random uselessness {unknown}
 n - 7 scrolls of teleportation
 q - a scroll of magic mapping {unknown}
 r - 10 scrolls of remove curse
 x - a scroll of blinking {unknown}
 B - a scroll of amnesia {unknown}
 K - a scroll of torment {unknown}
 L - a scroll of silence {unknown}
Potions
 c - 47 potions of blood
 f - 2 potions of resistance {unknown}
 l - a potion of mutation {unknown}
 t - 2 potions of might {unknown}
 u - a potion of agility {unknown}
 w - 4 potions of curing
 D - a potion of cancellation {unknown}
 E - 2 potions of haste
 F - a potion of flight (quivered) {unknown}
 H - 4 potions of brilliance
 O - 3 potions of berserk rage
 R - a potion of lignification
Miscellaneous
 a - a legendary deck of summoning
 p - an ornate deck of summoning
 v - an ornate deck of destruction {drawn: 1}
 y - an ornate deck of summoning
 z - a plain deck of summoning {drawn: 5}
 A - a plain deck of summoning
 C - a plain deck of summoning
 G - an ornate deck of summoning
 I - a plain deck of escape
 N - a plain deck of summoning
 P - a plain deck of destruction
 Q - a plain deck of destruction {drawn: 1}
 S - a plain deck of escape
 U - a legendary deck of destruction
 V - a plain deck of summoning {drawn: 1}
 W - a plain deck of destruction


   Skills:
 - Level 0.7 Fighting
   Level 1.2 Maces & Flails
   Level 0.1 Polearms
 * Level 5.5 Dodging
 - Level 4.8 Stealth
 + Level 11.3 Spellcasting
 + Level 5.4 Hexes
 * Level 7.1 Charms
 + Level 13.9 Summonings
 + Level 2.0 Necromancy
 + Level 0.6 Translocations
 + Level 2.0 Ice Magic
 * Level 4.1 Invocations


You had one spell level left.
You knew the following spells:

 Your Spells              Type           Power        Failure   Level  Hunger
a - Summon Small Mammal   Summ           ####         0%          1    None
b - Call Imp              Summ           ######..     1%          2    None
c - Summon Guardian Gole  Hex/Summ       #####...     1%          3    None
d - Call Canine Familiar  Summ           ######..     1%          3    None
e - Summon Ice Beast      Ice/Summ       #####...     1%          4    ##.....
f - Summon Lightning Spi  Summ/Air       #####...     1%          4    ##.....
g - Regeneration          Chrm/Necr      ####......   1%          3    None
h - Mephitic Cloud        Conj/Pois/Air  ##......     8%          3    None
i - Blink                 Tloc           N/A          3%          2    None
j - Summon Hydra          Summ           ######....   8%          7    #######

Your spell library contained the following spells:

 Spells                   Type           Power        Failure   Level  Hunger
 Animate Skeleton         Necr           N/A          1%          1    None
 Apportation              Tloc           ##....       1%          1    None
 Confusing Touch          Hex            ####..       1%          1    None
 Freeze                   Ice            ###.         1%          1    None
 Pain                     Necr           ###.         1%          1    None
 Magic Dart               Conj           ##..         2%          1    None
 Corpse Rot               Necr           N/A          1%          2    None
 Slow                     Hex            ####....     1%          2    None
 Swiftness                Chrm/Air       ###.....     1%          2    None
 Ozocubu's Armour         Chrm/Ice       ####....     1%          3    None
 Throw Frost              Conj/Ice       ##....       2%          2    None
 Vampiric Draining        Necr           ###.......   3%          3    None
 Summon Forest            Summ/Tloc      #####.....   3%          5    ####...
 Passwall                 Tmut/Erth      ##......     4%          2    None
 Poisonous Vapours        Pois/Air       ##....       4%          2    None
 Conjure Flame            Conj/Fire      ##......     8%          3    None
 Stone Arrow              Conj/Erth      ##....       8%          3    None
 Leda's Liquefaction      Hex/Erth       ###.......   9%          4    ##.....
 Animate Dead             Necr           N/A          12%         4    ##.....
 Throw Icicle             Conj/Ice       ##......     16%         4    ##.....
 Iskenderun's Battlesphe  Conj/Chrm      ###.....     16%         5    ####...
 Passage of Golubria      Tloc           N/A          21%         4    ##.....
 Darkness                 Hex            ####......   38%         6    ######.
 Invisibility             Hex            ####....     38%         6    ######.
 Bolt of Magma            Conj/Fire/Erth ##........   54%         5    ####...
 Lee's Rapid Deconstruct  Erth           ##........   54%         5    ####...
 Venom Bolt               Conj/Pois      ##........   54%         5    ####...
 Spellforged Servitor     Conj/Summ      #####.....   75%         7    #######
 Freezing Cloud           Conj/Ice/Air   ##........   95%         6    ######.
 Hydra Form               Tmut           ##........   98%         6    ######.
 Iron Shot                Conj/Erth      ##........   98%         6    ######.
 Ring of Flames           Chrm/Fire      ###.......   99%         7    #######
 Orb of Destruction       Conj           ##........   100%        7    #######


Dungeon Overview and Level Annotations

Branches:
Dungeon (11/15)            Temple (0/1) D:7            Lair (6/6) D:10
  Swamp (0/4) Lair:2       Spider (0/4) Lair:3          Orc (2/2) D:11
  Slime: Lair:5-6       Elf: Orc:2

Altars:
Ashenzari
Dithmenos
Gozag
Hepliaklqana
Nemelex Xobeh
Qazlal
Xom
The Shining One
Jiyva

Shops:
D:4 (*(   D:9 (   D:11 *

Annotations:
Lair:1 3 runed doors, concernfroge's ghost, novice BaIE
Orc:1 1 runed door, Jclef's ghost, journeyman MiFi


Innate Abilities, Weirdness & Mutations

You have razor-sharp teeth.
You have supernaturally acute eyesight. (SInv)
You can survive without breathing.
You are dopey. (Int -2)


Message History

Casting: Blink (safe; 3% risk of failure)
Confirm with . or Enter, or press ? or * to list all spells.
You blink.
The orc knight shouts!
An orc warrior comes into view. It is wielding a flail.
The orc warrior shouts!
An orc comes into view. It is wielding a flail.
The orc shouts!
You hear a shout! x3
The orc barely misses you.
An orc comes into view. It is wielding a whip.
You hear a shout!
The orc shouts!
You hear a shout!
Casting: Blink (safe; 3% risk of failure)
Confirm with . or Enter, or press ? or * to list all spells.
You blink.
Your ice beast closely misses the orc warrior.
Your wolf barely misses the orc warrior.
An orc wizard comes into view. It is wielding a dagger.
The orc warrior hits you from afar with a trident!
You die...
Your body glows slightly and disappears.

# #..........#.#8...
#.####.........###)..
....##...[###.####..)
...o....[....####....
..##o......###.....<
##.#[)"....#[[..... ..
#.o[.......[.[..[.. .
.... #.Yh)##.......)....
..
.o..###[@.###............
oo ....o.o[(##
#............ o.
.........# ##........###
. #..#.o.....##
##...#####
....#.###.#....# ###..
.....o.o.....ยง.# ...#
..........##....# ##..#
........######.##
........# ##


You could see 2 orc warriors, an orc wizard, 3 orcs, a friendly ice beast and a
friendly wolf.

Vanquished Creatures
  A komodo dragon (Lair:2)
  A yak (Lair:5)
  A phantom (D:5)
  A killer bee (D:8)
  An iguana (D:6)
  A hound zombie (D:6)
  4 orcs
  A giant cockroach (D:1)
  3 goblins (D:1)
  A hobgoblin (D:2)
  A jackal (D:4)
  3 bats
  A frilled lizard (D:2)
  A hobgoblin zombie (Ossuary)
  A quokka zombie (Ossuary)
  3 rats
  A fungus (Lair:1)
  A plant (Lair:5)
27 creatures vanquished.

Vanquished Creatures (collateral kills)
  Rupert (Lair:4)
  4 hydras
  An orc high priest (Orc:1)
  Sonja (Lair:2)
  Nergalle (Lair:4)
  The ghost of Swiffty123 the Chopper, a novice MiFi of Makhleb (D:6)
  2 deep elf magi (D:10)
  An ugly thing (D:11)
  An orb spider (Lair:3)
  3 orc sorcerers
  An oklob plant (Lair:2)
  2 cyclopes
  12 elephants
  6 black mambas
  2 gargoyles
  5 spiny frogs
  2 rime drakes
  A centaur skeleton (D:11)
  3 komodo dragons
  2 trolls
  A hornet (D:10)
  A polar bear (Lair:5)
  5 blink frogs
  5 hippogriffs
  A spriggan (D:7)
  55 yaks
  5 wyverns
  7 basilisks
  2 hungry ghosts (D:11)
  A swamp worm (Lair:2)
  8 wargs (Orc:2)
  11 water moccasins
  19 orc warriors
  9 porcupines
  4 sky beasts
  A phantom (D:8)
  7 ogres
  5 centaurs
  5 wolves (Orc:2)
  8 crocodiles
  An elf zombie (Ossuary)
  11 bullfrogs
  2 big kobolds (D:11)
  A wyvern skeleton (D:11)
  2 scorpions
  4 killer bees
  8 wights
  An electric eel (Lair:2)
  A howler monkey (D:4)
  9 crimson imps
  3 bullfrog zombies
  3 jellies
  A gnoll shaman (D:10)
  6 hounds
  2 centaur zombies
  15 orc priests
  2 bullfrog skeletons
  An iguana (D:10)
  23 orc wizards
  6 worker ants
  A hound zombie (D:11)
  A hound skeleton (D:5)
  3 mummies (Ossuary)
  13 gnolls
  6 adders
  3 adder zombies
  A worm (D:2)
  2 dart slugs
  9 leopard geckos
  51 orcs
  2 ball pythons (D:3)
  6 giant cockroaches
  3 hobgoblins
  9 jackals
  4 bats
  4 frilled lizards
  2 gnoll zombies (Ossuary)
  10 goblins
  3 goblin zombies (Ossuary)
  A hobgoblin zombie (Ossuary)
  A jackal skeleton (D:5)
  18 kobolds
  2 kobold zombies (Ossuary)
  6 quokka zombies
  5 rats
  A butterfly (Lair:3)
  3 fungi
  8 plants
492 creatures vanquished.

Vanquished Creatures (others)
  2 blink frogs (Lair:4)
  4 yaks
  A basilisk (D:10)
  A sky beast (D:9)
  A wolf (Lair:1)
  A shadow imp (D:10)
  4 bushes (D:10)
  11 fungi
  11 plants
36 creatures vanquished.

Grand Total: 555 creatures vanquished

Notes
Turn   | Place    | Note
-------+----------+-------------------------------------------
     0 | D:1      | Xantos the Vampire Summoner began the quest for the Orb.
     0 | D:1      | Reached XP level 1. HP: 13/13 MP: 3/3
   244 | D:1      | Reached XP level 2. HP: 16/19 MP: 3/5
   337 | D:1      | Learned a level 2 spell: Call Imp
   607 | D:2      | Reached XP level 3. HP: 16/24 MP: 3/6
   815 | D:2      | Learned a level 3 spell: Summon Guardian Golem
  1186 | D:3      | Found a faded altar of an unknown god.
  1367 | D:3      | Found a sparkling altar of Nemelex Xobeh.
  1367 | D:3      | Found an opulent altar of Gozag.
  1377 | D:3      | Reached XP level 4. HP: 22/30 MP: 2/7
  1405 | D:3      | Became a worshipper of Nemelex Xobeh the Trickster
  1570 | D:4      | Noticed an ogre
  1580 | D:4      | Received a gift from Nemelex Xobeh
  1663 | D:4      | Found Qojiall's General Store.
  1753 | D:4      | Bought a scroll of remove curse for 39 gold pieces
  1779 | D:4      | Found Duufifac's Weapon Emporium.
  1788 | D:4      | Killed an ogre
  1788 | D:4      | Reached skill level 1 in Hexes
  1788 | D:4      | Reached skill level 5 in Summonings
  1788 | D:4      | Reached XP level 5. HP: 36/36 MP: 1/9
  1793 | D:4      | Learned a level 3 spell: Call Canine Familiar
  1886 | D:4      | Found a stormy altar of Qazlal.
  1928 | D:4      | Found Fajarr's Weapon Shoppe.
  1947 | D:5      | Entered Level 5 of the Dungeon
  2062 | D:5      | Noticed a sky beast
  2122 | D:5      | Killed a sky beast
  2207 | D:5      | Noticed a sky beast
  2216 | D:5      | Noticed an insubstantial wisp
  2230 | D:5      | Killed a sky beast
  2230 | D:5      | Reached XP level 6. HP: 42/42 MP: 2/11
  2271 | D:5      | Received a gift from Nemelex Xobeh
  2327 | D:5      | Reached * piety under Nemelex Xobeh
  2394 | D:5      | Found a hazy altar of Hepliaklqana.
  2529 | D:5      | Reached skill level 6 in Summonings
  2762 | D:5      | Noticed a sky beast
  2800 | D:5      | Killed a sky beast
  3245 | D:6      | Found a runed door.
  3246 | D:6      | Noticed Swiffty123's ghost (novice MiFi)
  3332 | D:6      | Found a sand-covered staircase.
  3337 | Ossuary  | Entered an ossuary
  3395 | Ossuary  | Received a gift from Nemelex Xobeh
  3466 | Ossuary  | Reached XP level 7. HP: 25/47 MP: 10/14
  3498 | Ossuary  | Learned a level 4 spell: Summon Ice Beast
  3934 | D:6      | Reached skill level 5 in Spellcasting
  3990 | D:6      | Found a shadowy altar of Dithmenos.
  3997 | D:6      | Found a shattered altar of Ashenzari.
  4024 | D:6      | Reached ** piety under Nemelex Xobeh
  4358 | D:7      | Reached skill level 7 in Summonings
  4464 | D:7      | Received a gift from Nemelex Xobeh
  4495 | D:7      | Noticed a spriggan baker
  4512 | D:7      | Killed a spriggan baker
  4512 | D:7      | Reached skill level 1 in Maces & Flails
  4653 | D:7      | Noticed a hippogriff
  4663 | D:7      | Killed a hippogriff
  4663 | D:7      | Reached XP level 8. HP: 32/53 MP: 2/16
  4766 | D:7      | Found a glowing golden altar of the Shining One.
  5183 | D:8      | Received a gift from Nemelex Xobeh
  5234 | D:8      | Reached skill level 8 in Summonings
  6103 | D:9      | Learned a level 4 spell: Summon Lightning Spire
  6179 | D:9      | Reached *** piety under Nemelex Xobeh
  6275 | D:9      | Noticed a gargoyle
  6293 | D:9      | Found Keuvommi's Antique Weapon Emporium.
  6348 | D:9      | Killed a gargoyle
  6442 | D:10     | Entered Level 10 of the Dungeon
  6592 | D:10     | Learned a level 3 spell: Regeneration
  6603 | D:10     | Noticed a deep elf mage
  6604 | D:10     | Noticed a deep elf mage
  6615 | D:10     | Killed a deep elf mage
  6615 | D:10     | Reached XP level 9. HP: 53/58 MP: 10/20
  6618 | D:10     | Killed a deep elf mage
  6618 | D:10     | Reached skill level 1 in Charms
  6802 | D:10     | Found a staircase to the Lair.
  6907 | D:10     | Reached skill level 9 in Summonings
  7182 | D:10     | Noticed a troll
  7230 | D:10     | Killed a troll
  7275 | D:10     | Received a gift from Nemelex Xobeh
  7435 | D:10     | Learned a level 3 spell: Mephitic Cloud
  7637 | D:10     | Reached skill level 10 in Summonings
  7904 | Lair:1   | Entered Level 1 of the Lair of Beasts
  7930 | Lair:1   | Found a runed gate.
  7931 | Lair:1   | Found a runed gate.
  7932 | Lair:1   | Found a runed gate.
  7934 | Lair:1   | Found a viscous altar of Jiyva.
  7934 | Lair:1   | Noticed concernfroge's ghost (novice BaIE)
  8072 | Lair:1   | Reached XP level 10. HP: 54/64 MP: 22/22
  8146 | Lair:1   | Noticed a black mamba
  8239 | Lair:1   | Reached skill level 1 in Necromancy
  8375 | Lair:1   | Killed a black mamba
  8413 | Lair:1   | Learned a level 2 spell: Blink
  8499 | Lair:1   | Received a gift from Nemelex Xobeh
  8623 | Lair:1   | Reached **** piety under Nemelex Xobeh
  8722 | Lair:1   | Reached skill level 11 in Summonings
  8729 | Lair:1   | Received a gift from Nemelex Xobeh
  8859 | Lair:1   | Noticed an elephant
  8860 | Lair:1   | Noticed an elephant
  8873 | Lair:1   | Killed an elephant
  8894 | Lair:1   | Killed an elephant
  8898 | Lair:1   | Noticed an elephant
  8900 | Lair:1   | Noticed an elephant
  8912 | Lair:1   | Noticed an elephant
  8922 | Lair:1   | Killed an elephant
  8932 | Lair:1   | Killed an elephant
  8940 | Lair:1   | Killed an elephant
  9246 | D:9      | Noticed a death knight
  9624 | D:6      | Killed Swiffty123's ghost
  9755 | D:7      | Found a staircase to the Ecumenical Temple.
  9962 | D:10     | You fall through a shaft!
  9973 | D:11     | Noticed a sea snake
 10051 | D:11     | Noticed a gargoyle
 10059 | D:11     | Killed a gargoyle
 10063 | D:11     | Noticed a brown ugly thing
 10072 | D:11     | Killed a brown ugly thing
 10090 | D:11     | Got an encrusted war axe
 10098 | D:11     | Identified the cursed +1 war axe of Certain Death {chop,
                  | rElec} (You found it on level 11 of the Dungeon)
 10116 | D:11     | Received a gift from Nemelex Xobeh
 10158 | D:11     | Found Qemainea's Assorted Antiques.
 10212 | D:11     | Noticed a cyclops
 10233 | D:11     | Killed a cyclops
 10233 | D:11     | Reached skill level 1 in Invocations
 10291 | D:11     | Noticed a sea snake
 10402 | D:11     | Received a gift from Nemelex Xobeh
 10516 | D:11     | Reached skill level 12 in Summonings
 10516 | D:11     | Reached XP level 11. HP: 57/69 MP: 21/24
 10824 | D:11     | Found a staircase to the Orcish Mines.
 10991 | Lair:2   | Reached ***** piety under Nemelex Xobeh
 11087 | Lair:2   | Received a gift from Nemelex Xobeh
 11100 | Lair:2   | Found a staircase to the Swamp.
 11119 | Lair:2   | Noticed a four-headed hydra
 11130 | Lair:2   | Killed a four-headed hydra
 11163 | Lair:2   | Noticed an oklob plant
 11386 | Lair:2   | Received a gift from Nemelex Xobeh
 11467 | Lair:2   | Reached skill level 5 in Charms
 11540 | Lair:2   | Noticed Sonja
 11557 | Lair:2   | Killed Sonja
 11604 | Lair:3   | Found a hole to the Spider Nest.
 11604 | Lair:3   | Noticed an orb spider
 11628 | Lair:3   | Killed an orb spider
 11732 | Lair:3   | Reached skill level 13 in Summonings
 11744 | Lair:3   | Reached skill level 10 in Spellcasting
 11989 | Lair:3   | Received a gift from Nemelex Xobeh
 12239 | Lair:4   | Noticed Rupert
 12279 | Lair:4   | Received a gift from Nemelex Xobeh
 12771 | Lair:4   | Received a gift from Nemelex Xobeh
 12883 | Lair:4   | Killed Rupert
 12883 | Lair:4   | Reached XP level 12. HP: 75/75 MP: 24/26
 13051 | Lair:4   | Noticed an eight-headed hydra
 13077 | Lair:4   | Killed an eight-headed hydra
 13077 | Lair:4   | Reached skill level 5 in Hexes
 13222 | Lair:4   | Noticed Nergalle
 13237 | Lair:4   | Killed Nergalle
 13509 | Lair:5   | Noticed a four-headed hydra
 13517 | Lair:5   | Killed a four-headed hydra
 13621 | Lair:5   | Received a gift from Nemelex Xobeh
 13997 | Lair:5   | Learned a level 7 spell: Summon Hydra
 14083 | Lair:5   | Reached skill level 1 in Ice Magic
 14164 | Lair:6   | Entered Level 6 of the Lair of Beasts
 14164 | Lair:6   | Reached ****** piety under Nemelex Xobeh
 14164 | Lair:6   | Noticed a six-headed hydra
 14171 | Lair:6   | Killed a six-headed hydra
 14355 | Lair:5   | Reached skill level 5 in Dodging
 14857 | Orc:1    | Entered Level 1 of the Orcish Mines
 15013 | Orc:1    | Received a gift from Nemelex Xobeh
 15032 | Orc:1    | Found a flagged portal.
 15128 | Orc:1    | Found a runed door.
 15128 | Orc:1    | Found a shimmering altar of Xom.
 15128 | Orc:1    | Noticed Jclef's ghost (journeyman MiFi)
 15251 | Orc:2    | Entered Level 2 of the Orcish Mines
 15365 | Orc:2    | HP: 3/75 [warg (10)]
 15795 | Orc:2    | Received a gift from Nemelex Xobeh
 15988 | Orc:2    | Noticed an orc high priest
 15999 | Orc:2    | Gained mutation: You are dopey. (Int -2) [a neqoxec]
 16117 | Orc:1    | Killed an orc high priest
 16420 | Orc:2    | HP: 2/75 [orc warrior/war axe (20)]
 16647 | Orc:2    | Slain by an orc warrior

Skill      XL: |  1  2  3  4  5  6  7  8  9 10 11 12 |
---------------+-------------------------------------+-----
Spellcasting   | 3 4 5 7 8 9 10 11 | 11.3
Hexes          | 1 2 3 4 5 |  5.4
Summonings     | 5 6 7 8 10 12 13 | 13.9
Maces & Flails | 1 |  1.2
Dodging        | 3 4 5 |  5.5
Charms         | 3 4 6 7 |  7.1
Stealth        | 4 |  4.8
Necromancy     | 1 2 |  2.0
Invocations    | 1 2 4 |  4.1
Ice Magic      | 2 |  2.0
Fighting       | |  0.7
Polearms       | |  0.1
Translocations | |  0.6

Action                   |  1- 3 |  4- 6 |  7- 9 | 10-12 || total
-------------------------+-------+-------+-------+-------++-------
Melee: Mace              |    37 |    15 |    21 |       ||    73
       Bite              |     1 |     2 |     3 |    17 ||    23
       Trident           |       |       |     7 |    16 ||    23
       War axe           |       |       |       |    69 ||    69
 Cast: Summon Small Mamm |    26 |    26 |     4 |     5 ||    61
       Call Imp          |    24 |    51 |   107 |   135 ||   317
       Summon Guardian G |     4 |    12 |    39 |    86 ||   141
       Call Canine Famil |       |     8 |    29 |    52 ||    89
       Summon Ice Beast  |       |       |    29 |   188 ||   217
       Summon Lightning  |       |       |     7 |    18 ||    25
       Regeneration      |       |       |     6 |    64 ||    70
       Blink             |       |       |       |    40 ||    40
       Mephitic Cloud    |       |       |       |     1 ||     1
       Summon Hydra      |       |       |       |    20 ||    20
Evoke: Deck              |       |     1 |     6 |    24 ||    31
       Wand              |       |       |     3 |       ||     3
  Use: Potion            |     2 |     7 |    20 |    45 ||    74
       Scroll            |     1 |     3 |    12 |     7 ||    23
 Stab: Distracted        |       |       |     1 |       ||     1
       Sleeping          |       |       |     1 |       ||     1
Armor: Robe              |    13 |     7 |    19 |    28 ||    67
Dodge: Dodged            |    61 |    36 |   104 |   188 ||   389
